 Dungeon Crawl Stone Soup version 0.18.1-6-gd335043 (webtiles) character file.

81 zeroDi the Sneak (level 4, -1/23 HPs)
             Began as a Vine Stalker Assassin on May 20, 2016.
             Slain by an orc wizard
             ... wielding a +1 dagger of electrocution
              (5 damage)
             ... on level 3 of the Dungeon.
             The game lasted 00:03:12 (1207 turns).

zeroDi the Sneak (Vine Stalker Assassin)            Turns: 1207, Time: 00:03:12

Health: -1/23      AC:  4    Str: 13    XL:     4   Next: 40%
Magic:  0/5        EV: 11    Int: 11    God:
Gold:   69         SH:  0    Dex: 17    Spells: 0 memorised, 3 levels left

rFire  . . .     SeeInvis .     a - +2 dagger
rCold  . . .     Gourm    .     c - +0 robe
rNeg   . . .     Faith    .     (no shield)
rPois  .         Spirit   +     (no helmet)
rElec  .         Dismiss  .     d - +1 cloak
rCorr  .         Reflect  .     (no gloves)
SustAt .         Harm     .     (no boots)
MR     .....                    (no amulet)
Stlth  +++.......               (no ring)
                                (no ring)

@: not resistant to hostile enchantments, fairly stealthy
A: fangs 2, regeneration 1, magic shield, antimagic bite, no device heal 3, rot
immunity
a: no special abilities


You were on level 3 of the Dungeon.
You were not hungry.

You visited 1 branch of the dungeon, and saw 3 of its levels.

You collected 69 gold pieces.


Innate Abilities, Weirdness & Mutations

You have extremely sharp teeth.
Your natural rate of healing is unusually fast.
When hurt, damage is shared between your health and your magic reserves.
Your bite disrupts and absorbs the magic of your enemies.
Potions and wands cannot restore your health.
You are immune to rotting.


   Skills:
 - Level 1.7 Fighting
 + Level 4.1 Short Blades
 - Level 1.7 Throwing
 - Level 0.7 Dodging
 - Level 4.8 Stealth


You had 3 spell levels left.
You didn't know any spells.

Inventory:

Hand Weapons
 a - a +2 dagger (weapon)
 b - a +0 blowgun
Missiles
 e - 8 poisoned needles
 f - 2 curare-tipped needles {=f}
Armour
 c - a +0 robe (worn)
 d - a +1 cloak (worn)
Scrolls
 i - 2 scrolls of immolation {unknown}
 k - 2 scrolls of magic mapping
 r - 3 scrolls of identify {@r1}
Potions
 h - a potion of ambrosia {unknown}
 j - a potion of cancellation {unknown}
 m - a potion of curing {unknown}
 n - a potion of agility {unknown}
Books
 t - a book of Transfigurations

   Spells                             Type                      Level
   a - Irradiate                      Conjuration/Transmutation    5
   b - Statue Form                    Transmutation/Earth          6
   c - Hydra Form                     Transmutation                6
   d - Dragon Form                    Transmutation                7
Comestibles
 g - 3 bread rations
 l - 2 meat rations
 q - a royal jelly

Dungeon Overview and Level Annotations

Branches:
Dungeon (3/15)

Altars:

###
#@#
#o#
#l#
#.#
#.#
#.#
#)#
..#
....


You could see an orc wizard and a giant newt.


Message History

You bite the orc wizard, but do no damage.
The orc wizard is moderately wounded.
The orc wizard hits you but does no damage.
You are electrocuted!
* * * LOW HITPOINT WARNING * * *
You aren't carrying any items that you can evoke.
You completely miss the orc wizard. Your bite misses the orc wizard.
The orc wizard is moderately wounded.
The orc wizard barely misses you.
You hit the orc wizard but do no damage.
You bite the orc wizard.
The orc wizard's magic leaks into the air.
You drain its magic.
You feel invigorated.
The orc wizard is heavily wounded.
You hit the orc wizard. Your bite misses the orc wizard.
The orc wizard is severely wounded.
The orc wizard hits you with a dagger of electrocution.
* * * LOW HITPOINT WARNING * * *
You are electrocuted!
You die...

Action                   |  1- 3 |  4- 6 || total
-------------------------+-------+-------++-------
Melee: Dagger            |    78 |    23 ||   101
       Bite              |    15 |     6 ||    21
  Use: Scroll            |     5 |       ||     5
 Stab: Sleeping          |    15 |     1 ||    16
  Eat: Chunk             |       |     1 ||     1
Armor: Robe              |    11 |     2 ||    13
Dodge: Dodged            |    38 |     6 ||    44

Vault maps used:
D:1:      scummos_arrival_hexagon, minmay_misc_feat_secret_circle,
          kennysheep_crisscross
D:2:      bh_walls_and_bars
D:3:      portal_sewer_entry_e

Notes
Turn   | Place    | Note
--------------------------------------------------------------
     0 | D:1      | zeroDi the Vine Stalker Assassin began the quest for the Orb.
     0 | D:1      | Reached XP level 1. HP: 11/11 MP: 2/2
   130 | D:1      | Reached skill level 2 in Short Blades
   260 | D:1      | Reached XP level 2. HP: 15/15 MP: 3/3
   745 | D:2      | Reached skill level 3 in Short Blades
   745 | D:2      | Reached XP level 3. HP: 15/18 MP: 2/4
   949 | D:2      | Reached XP level 4. HP: 23/23 MP: 5/5
  1048 | D:2      | Reached skill level 4 in Short Blades
  1207 | D:3      | Slain by an orc wizard

Vanquished Creatures
  4 adders (D:2)
  A worm (D:2)
  3 orcs (D:3)
  A giant cockroach (D:1)
  6 goblins
  2 hobgoblins (D:2)
  6 jackals (D:2)
  5 kobolds
  2 bats
  2 giant newts
  5 rats
37 creatures vanquished.
